AoeStats
← Santi Povs

Black Forest

507745250Analyzed
3v3 RM · 13d ago on Sep 19, 2026· 38m 24s· 6 players
Game mode
Random Map
Map size
Normal (6 player)
Population
200
Speed
Normal
Resources
Standard
Victory
Conquest
Starting age
Dark Age
Ending age
Imperial Age
RankedLock teamsTeams togetherTeam positionsShared explorationLock speedFull tech treeHidden civsTurbo modeCheats
Victory
Defeat
🇨🇴 Celts · Colombia
1018
+15
🇨🇴 Muisca · Colombia
975
+17
🇨🇴 Romans · Colombia
952
+19
🇨🇱 Koreans · Chile
1021
-18
🇩🇰 Celts · Denmark
1017
-18
🇳🇱 Lithuanians · Netherlands
950
-15
Realm Authority
7:18 Loom
14:32 Feudal Age
15:00 Double-Bit Axe
15:24 Gold Mining
18:01 Wheelbarrow
20:49 Castle Age
18:50 Stone Mining
22:02 Bow Saw
22:22 Forging
23:32 Horse Collar
24:35 Stone Shaft Mining
sfdejonge
5:02 Loom
10:36 Feudal Age
15:54 Castle Age
13:53 Double-Bit Axe
14:02 Gold Mining
14:18 Horse Collar
21:52 Bow Saw
25:40 Wheelbarrow
25:50 Heavy Plow
25:41 Stone Mining
28:12 Hand Cart
28:15 Caravan
30:44 Forging
30:40 Scale Barding Armor
31:12 Stone Shaft Mining
33:12 Imperial Age
31:20 Bloodlines
31:10 Husbandry
32:20 Masonry
32:02 Light Cavalry
33:18 Cavalier
hianyzol
0:49 Loom
13:09 Feudal Age
14:50 Double-Bit Axe
17:00 Gold Mining
20:00 Castle Age
18:35 Stone Mining
19:59 Horse Collar
21:16 Town Watch
26:12 Gambesons
26:20 Fletching
29:46 Bow Saw
30:29 Bodkin Arrow
31:14 Gold Shaft Mining
30:47 Heavy Plow
32:11 Wheelbarrow
35:26 Imperial Age
33:14 Forging
33:43 Eupseong
34:35 Stone Shaft Mining
34:43 Hand Cart
36:25 Town Patrol
35:51 Elite Skirmisher
36:19 Pikeman
37:00 Squires
36:50 Elite Fire Lancer
37:44 Scale Mail Armor
38:20 Iron Casting
37:47 Bracer
38:55 Chain Mail Armor
NickyCash
2:40 Loom
15:31 Feudal Age
19:02 Castle Age
17:05 Horse Collar
17:49 Double-Bit Axe
18:35 Stone Mining
19:09 Gold Mining
27:47 Gold Shaft Mining
31:16 Caravan
36:09 Imperial Age
34:00 Bow Saw
36:18 Fortified Wall
36:04 Murder Holes
37:06 Wheelbarrow
36:16 Town Watch
36:37 Heavy Plow
36:56 Ballistas
37:40 Conscription
36:53 Capped Ram
36:59 Capped Ram
38:19 Siege Ram
Santi Povs
10:09 Feudal Age
14:23 Castle Age
13:29 Double-Bit Axe
16:26 Loom
22:29 Bow Saw
27:36 Imperial Age
24:53 Town Watch
25:17 Scale Mail Armor
26:34 Wheelbarrow
25:46 Loom
26:19 Forging
26:27 Chain Mail Armor
26:29 Horse Collar
27:56 Iron Casting
27:27 Heavy Plow
27:21 Gold Mining
28:42 Gold Shaft Mining
28:48 Hand Cart
29:40 Chemistry
29:59 Plate Mail Armor
29:42 Caravan
29:25 Pikeman
29:31 Capped Ram
32:05 Blast Furnace
32:40 Siege Engineers
32:43 Halberdier
34:52 Stone Mining
35:10 Scale Barding Armor
34:47 Siege Ram
35:50 Heavy Scorpion
El Ogro
0:35 Loom
12:34 Feudal Age
16:43 Castle Age
18:32 Wheelbarrow
17:47 Double-Bit Axe
21:22 Fishing Lines
23:42 Horse Collar
26:46 Bow Saw
26:42 Heavy Plow
30:58 Hand Cart
32:23 Herbalism
32:28 Gold Mining
32:59 Forging
32:42 Fletching
36:06 Imperial Age
34:32 Thumb Ring
34:44 Crossbowman
36:15 Bodkin Arrow
36:56 Padded Archer Armor
36:41 Arbalester
37:32 Bracer
37:57 Ballistics
38:38 Chemistry
38:19 Conscription
Connection lost

Rejoining the realm…

Still unreachable

The connection could not be restored.

Session expired

The server has moved on; the page needs a fresh start.